Newfoundland Shamrocks vs Ste. Rose Royals
Created - Wednesday, September 6, 2023 at 07:38
Goals
|
| Newfoundland Shamrocks |
0 |
2 |
0 |
2 |
| Ste. Rose Royals |
0 |
0 |
1 |
1 |
|
Shots
|
| Newfoundland Shamrocks |
19 |
11 |
9 |
39 |
| Ste. Rose Royals |
12 |
12 |
14 |
38 |
|
1st period
No Goal
Penalties :
Brendan Perlini (BWK) for Fighting (Major) at 2:32, Samuel Poulin (NFS) for Fighting (Major) at 2:32, Mike Reilly (BWK) for Fighting (Major) at 2:35, Raphael Lavoie (NFS) for Fighting (Major) at 2:35, Ridly Greig (BWK) for Hooking (Minor) at 18:13
2nd period
1. Newfoundland Shamrocks , Peter Abbandonato 1 (Josh Archibald 3, Robert Bortuzzo 3) at 0:22
2. Newfoundland Shamrocks , Josh Archibald 2 (Nicolas Deslauriers 3, Peter Abbandonato 4) at 0:28
Penalties :
Ridly Greig (BWK) for Interference (Minor) at 2:25, Michael Amadio (BWK) for Tripping (Minor) at 8:30
3rd period
3. Ste. Rose Royals , Brendan Perlini 3 (Cale Fleury 3, Ridly Greig 4) at 0:47
Penalties :
Mathias Emilio Pettersen (BWK) for Tripping (Minor) at 12:50, Libor Hajek (BWK) for Hooking (Minor) at 19:46
Goalie Stats
Casey DeSmith (NFS), 37 saves from 38 shots - (0.974), W, 4-3-0, 60:00 minutes
Erik Kallgren (BWK), 37 saves from 39 shots - (0.949), L, 1-5-1, 59:23 minutes
Players Stats for Newfoundland Shamrocks
Player Name G A P +/- PIM S H SB GA TA FO MP PP MP PK MP
------------------------------------------------------------------------------------
Alex Chiasson 0 0 0 0 0 3 1 0 2 0 0/0 19:37 4:06 0:00
Alex Galchenyuk 0 0 0 0 0 1 2 0 0 0 0/0 14:50 3:49 0:00
Drew O'Connor 0 0 0 -1 0 2 2 0 2 0 0/0 14:06 0:00 0:00
Dylan Coghlan 0 0 0 0 0 2 1 2 0 1 0/0 16:52 0:02 0:00
Ilya Solovyov 0 0 0 0 0 0 2 2 1 1 0/0 19:43 3:45 0:00
Jon Merrill 0 0 0 1 0 4 0 1 0 0 0/0 22:02 0:37 0:00
Josh Archibald 1 1 2 2 0 3 0 1 2 2 2/4 18:36 0:00 0:00
Maxime Comtois 0 0 0 0 0 4 1 0 1 0 0/0 17:18 3:51 0:00
Nicolas Deslauriers 0 1 1 2 0 3 0 0 0 0 0/0 18:25 3:53 0:00
Peter Abbandonato 1 1 2 2 0 4 2 0 1 0 20/28 15:22 0:25 0:00
Raphael Lavoie 0 0 0 0 5 2 3 0 1 0 10/15 17:26 3:57 0:00
Robert Bortuzzo 0 1 1 1 0 3 2 2 0 0 0/0 24:03 3:47 0:00
Samuel Poulin 0 0 0 -1 5 2 0 0 0 0 4/9 16:21 3:53 0:00
Semyon Der-Arguchintsev 0 0 0 0 0 2 0 0 0 0 0/2 2:54 0:00 0:00
Tanner Laczynski 0 0 0 0 0 1 0 0 0 1 0/0 11:50 0:25 0:00
William Dufour 0 0 0 -1 0 2 0 0 0 0 0/0 17:19 3:53 0:00
William Villeneuve 0 0 0 0 0 0 2 0 0 0 0/0 18:50 4:22 0:00
Wyatte Wylie 0 0 0 0 0 1 0 0 0 3 0/0 14:24 0:00 0:00
Players Stats for Ste. Rose Royals
Player Name G A P +/- PIM S H SB GA TA FO MP PP MP PK MP
------------------------------------------------------------------------------------
Brendan Perlini 1 0 1 1 5 5 2 1 0 0 0/0 12:24 0:00 0:00
Brogan Rafferty 0 0 0 -1 0 1 1 0 0 0 0/0 14:20 0:00 0:00
Cale Fleury 0 1 1 1 0 0 4 2 0 1 0/0 21:50 0:00 3:56
Colin Blackwell 0 0 0 -1 0 3 1 1 3 0 0/0 15:32 0:00 0:00
Derek Ryan 0 0 0 -1 0 5 0 1 0 1 10/29 22:52 0:00 3:48
Grigori Denisenko 0 0 0 0 0 1 0 0 0 0 0/0 7:55 0:00 0:00
Isaac Ratcliffe 0 0 0 0 0 1 0 0 0 0 1/2 4:15 0:00 0:04
Joel Hanley 0 0 0 -1 0 1 0 0 0 0 0/0 14:55 0:00 0:00
Jordan Harris 0 0 0 -1 0 6 2 4 0 2 0/0 25:15 0:00 4:13
Libor Hajek 0 0 0 1 2 0 1 4 0 1 0/0 21:23 0:00 3:56
Mason Appleton 0 0 0 -1 0 1 0 1 0 1 1/1 18:34 0:00 3:49
Mathias Emilio Pettersen 0 0 0 0 2 0 0 0 1 0 0/2 8:03 0:00 0:00
Matthew Peca 0 0 0 -1 0 4 1 0 1 0 0/1 15:32 0:00 0:00
Michael Amadio 0 0 0 -1 2 4 4 0 2 1 5/13 19:00 0:00 3:12
Mike Reilly 0 0 0 -1 5 0 1 1 1 3 0/0 22:15 0:00 4:13
Ridly Greig 0 1 1 1 4 2 2 1 0 0 4/8 13:51 0:00 0:00
Ryan Poehling 0 0 0 -1 0 2 1 0 0 0 1/2 18:45 0:00 4:07
Saku Maenalanen 0 0 0 1 0 2 2 0 0 0 0/0 15:03 0:00 1:18
3 Stars
1 - Casey DeSmith (NFS)
2 - Peter Abbandonato (NFS)
3 - Josh Archibald (NFS)
Power Play
Newfoundland Shamrocks - 0 on 5 Attempt(s) - 0.00%
Ste. Rose Royals - 0 on 0 Attempt(s) - 0.00%
Penalty Kill
Newfoundland Shamrocks - 0 on 0 Attempt(s) - 0.00%
- Score 0 goal in Penalty Kill
Ste. Rose Royals - 5 on 5 Attempt(s) - 100.00%
- Score 0 goal in Penalty Kill
Team Stat
Newfoundland Shamrocks - Hits : 18 - Faceoff Wins : 36 - Blocked Shots : 8 - Penalty Minutes : 10
Ste. Rose Royals - Hits : 22 - Faceoff Wins : 22 - Blocked Shots : 16 - Penalty Minutes : 20
Official
Referees : Mike Leggo and Dean Morton
Linesman : Ryan Galloway and Kiel Murchison
Game Notes
Brendan Perlini beats up Samuel Poulin at 2:32 of 1st period
Mike Reilly beats up Raphael Lavoie at 2:35 of 1st period
Semyon Der-Arguchintsev is injured at 10:50 of 1st period (Sports Hernia)
Newfoundland Shamrocks
5 vs 5 Forward
Center Left Wing Right Wing Time % Phy DF OF
1 Raphael Lavoie Maxime Comtois Alex Chiasson 30 1 2 2
2 Peter Abbandonato Nicolas Deslauriers Josh Archibald 30 1 2 2
3 Samuel Poulin Drew O'Connor William Dufour 25 1 2 2
4 Semyon Der-Arguchintsev Alex Galchenyuk Tanner Laczynski 15 1 2 2
5 vs 5 Defense
Defense Defense Time % Phy DF OF
1 Jon Merrill Robert Bortuzzo 30 1 2 2
2 Dylan Coghlan Ilya Solovyov 30 1 2 2
3 William Villeneuve Wyatte Wylie 25 1 2 2
4 Jon Merrill Robert Bortuzzo 15 1 2 2
PowerPlay Forward
Center Left Wing Right Wing Time % Phy DF OF
1 Raphael Lavoie Maxime Comtois Alex Chiasson 50 1 2 2
2 Samuel Poulin Nicolas Deslauriers William Dufour 50 1 2 2
PowerPlay Defense
Defense Defense Time % Phy DF OF
1 Ilya Solovyov Alex Galchenyuk 50 1 2 2
2 Semyon Der-Arguchintsev William Villeneuve 50 1 2 2
Penalty Kill 4 Players Forward
Center Wing Time % Phy DF OF
1 Peter Abbandonato Josh Archibald 50 1 2 2
2 Tanner Laczynski Drew O'Connor 50 1 2 2
Penalty Kill 4 Players Defense
Defense Defense Time % Phy DF OF
1 Jon Merrill Robert Bortuzzo 50 1 2 2
2 Dylan Coghlan Wyatte Wylie 50 1 2 2
Penalty Kill - 3 Players Forward
Forward Time % Phy DF OF
1 Josh Archibald 50 1 2 2
2 Drew O'Connor 50 1 2 2
Penalty Kill - 3 Players Defense
Defense Defense Time % Phy DF OF
1 Jon Merrill Robert Bortuzzo 50 1 2 2
2 Dylan Coghlan Wyatte Wylie 50 1 2 2
4 vs 4 Forward
Center Wing Time % Phy DF OF
1 Raphael Lavoie Alex Chiasson 50 1 2 2
2 Samuel Poulin Maxime Comtois 50 1 2 2
4 vs 4 Defense
Defense Defense Time % Phy DF OF
1 Jon Merrill Robert Bortuzzo 50 1 2 2
2 Ilya Solovyov Alex Galchenyuk 50 1 2 2
Last Minutes Offensive
Center Left Wing Right Wing Defense Defense
Raphael Lavoie Maxime Comtois Alex Chiasson Jon Merrill Dylan Coghlan
Last Minutes Defensive
Center Left Wing Right Wing Defense Defense
Tanner Laczynski Drew O'Connor Josh Archibald Jon Merrill Robert Bortuzzo
Goaltenders
Starting : Casey DeSmith
Backup : Mackenzie Blackwood
Extra Forwards
Normal : Josh Archibald, Alex Chiasson, Nicolas Deslauriers - PP : Peter Abbandonato, Tanner Laczynski - PK : Nicolas Deslauriers
Extra Defensemen
Normal : Dylan Coghlan, Jon Merrill, Robert Bortuzzo - PP : Robert Bortuzzo - PK : William Villeneuve, Ilya Solovyov
Penalty Shots
Raphael Lavoie, Alex Galchenyuk, Samuel Poulin, William Dufour, Semyon Der-Arguchintsev
Ste. Rose Royals
5 vs 5 Forward
Center Left Wing Right Wing Time % Phy DF OF
1 Derek Ryan Ryan Poehling Mason Appleton 30 1 2 2
2 Michael Amadio Matthew Peca Colin Blackwell 30 1 2 2
3 Ridly Greig Saku Maenalanen Brendan Perlini 25 1 2 2
4 Mathias Emilio Pettersen Grigori Denisenko Derek Ryan 15 1 2 2
5 vs 5 Defense
Defense Defense Time % Phy DF OF
1 Mike Reilly Jordan Harris 30 1 2 2
2 Cale Fleury Libor Hajek 30 1 2 2
3 Joel Hanley Brogan Rafferty 25 1 2 2
4 Mike Reilly Jordan Harris 15 1 2 2
PowerPlay Forward
Center Left Wing Right Wing Time % Phy DF OF
1 Derek Ryan Ryan Poehling Mason Appleton 50 1 2 2
2 Michael Amadio Matthew Peca Colin Blackwell 50 1 2 2
PowerPlay Defense
Defense Defense Time % Phy DF OF
1 Mike Reilly Jordan Harris 50 1 2 2
2 Cale Fleury Libor Hajek 50 1 2 2
Penalty Kill 4 Players Forward
Center Wing Time % Phy DF OF
1 Derek Ryan Mason Appleton 50 1 2 2
2 Ryan Poehling Michael Amadio 50 1 2 2
Penalty Kill 4 Players Defense
Defense Defense Time % Phy DF OF
1 Mike Reilly Jordan Harris 50 1 2 2
2 Cale Fleury Libor Hajek 50 1 2 2
Penalty Kill - 3 Players Forward
Forward Time % Phy DF OF
1 Derek Ryan 50 1 2 2
2 Mason Appleton 50 1 2 2
Penalty Kill - 3 Players Defense
Defense Defense Time % Phy DF OF
1 Mike Reilly Jordan Harris 50 1 2 2
2 Cale Fleury Libor Hajek 50 1 2 2
4 vs 4 Forward
Center Wing Time % Phy DF OF
1 Derek Ryan Mason Appleton 50 1 2 2
2 Ryan Poehling Michael Amadio 50 1 2 2
4 vs 4 Defense
Defense Defense Time % Phy DF OF
1 Mike Reilly Jordan Harris 50 1 2 2
2 Cale Fleury Libor Hajek 50 1 2 2
Last Minutes Offensive
Center Left Wing Right Wing Defense Defense
Derek Ryan Ryan Poehling Mason Appleton Mike Reilly Jordan Harris
Last Minutes Defensive
Center Left Wing Right Wing Defense Defense
Derek Ryan Ryan Poehling Mason Appleton Mike Reilly Jordan Harris
Goaltenders
Starting : Erik Kallgren
Backup : Cayden Primeau
Extra Forwards
Normal : Isaac Ratcliffe, Ridly Greig, Saku Maenalanen - PP : Isaac Ratcliffe, Ridly Greig - PK : Saku Maenalanen
Extra Defensemen
Normal : Joel Hanley, Brogan Rafferty, Cale Fleury - PP : Joel Hanley - PK : Brogan Rafferty, Cale Fleury
Penalty Shots
Derek Ryan, Mason Appleton, Ryan Poehling, Michael Amadio, Colin Blackwell
% Time on Ice - Newfoundland Shamrocks
Lines # - Real PCT - Wanted PCT - Time Play
Normal Forward
1 - 27% - 30% - 13:41
2 - 26% - 30% - 13:30
3 - 26% - 25% - 13:32
4 - 20% - 15% - 10:25
Normal Defense
1 - 28% - 30% - 14:31
2 - 32% - 30% - 16:11
3 - 28% - 25% - 14:24
4 - 12% - 15% - 6:02
PP Forward
1 - 52% - 50% - 4:16
2 - 48% - 50% - 3:53
PP Defense
1 - 46% - 50% - 3:45
2 - 54% - 50% - 4:24
PK Forward
1 - 0% - 50%
2 - 0% - 50%
PK Defense
1 - 0% - 50%
2 - 0% - 50%
PK3 Forward
1 - 0% - 50%
2 - 0% - 50%
PK3 Defense
1 - 0% - 50%
2 - 0% - 50%
44 Forward
1 - 0% - 50%
2 - 0% - 50%
44 Defense
1 - 0% - 50%
2 - 0% - 50%
Last Minute Offensive - 0:00
Last Minute Defensive - 0:43
Total
Forward - 60:00
Defense - 60:00
|
% Time on Ice - Ste. Rose Royals
Lines # - Real PCT - Wanted PCT - Time Play
Normal Forward
1 - 27% - 30% - 13:30
2 - 31% - 30% - 15:54
3 - 27% - 25% - 13:31
4 - 16% - 15% - 7:55
Normal Defense
1 - 29% - 30% - 14:42
2 - 32% - 30% - 16:27
3 - 26% - 25% - 13:12
4 - 13% - 15% - 6:29
PP Forward
1 - 0% - 50%
2 - 0% - 50%
PP Defense
1 - 0% - 50%
2 - 0% - 50%
PK Forward
1 - 47% - 50% - 3:49
2 - 53% - 50% - 4:20
PK Defense
1 - 52% - 50% - 4:13
2 - 48% - 50% - 3:56
PK3 Forward
1 - 0% - 50%
2 - 0% - 50%
PK3 Defense
1 - 0% - 50%
2 - 0% - 50%
44 Forward
1 - 0% - 50%
2 - 0% - 50%
44 Defense
1 - 0% - 50%
2 - 0% - 50%
Last Minute Offensive - 1:01
Last Minute Defensive - 0:00
Total
Forward - 60:00
Defense - 60:00
|
Play-by-Play
1st period
0:01 of 1st period - Raphael Lavoie wins face-off versus Derek Ryan in neutral zone.
0:15 of 1st period - Snap shot by Derek Ryan.
0:15 of 1st period - Stopped by Casey DeSmith without a rebound.
0:16 of 1st period - Peter Abbandonato wins face-off versus Michael Amadio in Newfoundland Shamrocks zone.
0:21 of 1st period - Slapshot by Peter Abbandonato.
0:21 of 1st period - Shot Misses the Net.
1:10 of 1st period - Wrist shot by Tanner Laczynski.
1:10 of 1st period - Shot Misses the Net.
1:12 of 1st period - Backhand shot by Dylan Coghlan.
1:12 of 1st period - Stopped by Erik Kallgren without a rebound.
1:13 of 1st period - Ridly Greig wins face-off versus Semyon Der-Arguchintsev in Ste. Rose Royals zone.
2:23 of 1st period - Slapshot by Brendan Perlini.
2:23 of 1st period - Deflect By Robert Bortuzzo.
2:23 of 1st period - Shot Blocked by Robert Bortuzzo.
2:23 of 1st period - Puck is out of play.
2:24 of 1st period - Samuel Poulin wins face-off versus Ridly Greig in Newfoundland Shamrocks zone.
2:29 of 1st period - Snap shot by Drew O'Connor.
2:29 of 1st period - Stopped by Erik Kallgren with a rebound.
2:31 of 1st period - Snap shot by Robert Bortuzzo.
2:31 of 1st period - Shot Blocked by Jordan Harris.
2:32 of 1st period - Brendan Perlini beats up Samuel Poulin.
2:32 of 1st period - Penalty to Brendan Perlini for Fighting.
2:32 of 1st period - Penalty to Samuel Poulin for Fighting.
2:33 of 1st period - Raphael Lavoie wins face-off versus Derek Ryan in Ste. Rose Royals zone.
2:35 of 1st period - Mike Reilly beats up Raphael Lavoie.
2:35 of 1st period - Penalty to Mike Reilly for Fighting.
2:35 of 1st period - Penalty to Raphael Lavoie for Fighting.
2:36 of 1st period - Josh Archibald wins face-off versus Derek Ryan in Ste. Rose Royals zone.
2:40 of 1st period - Icing by Ryan Poehling.
2:41 of 1st period - Derek Ryan wins face-off versus Josh Archibald in Ste. Rose Royals zone.
2:46 of 1st period - Snap shot by Mason Appleton.
2:46 of 1st period - Stopped by Casey DeSmith without a rebound.
2:47 of 1st period - Michael Amadio wins face-off versus Peter Abbandonato in Newfoundland Shamrocks zone.
2:48 of 1st period - Snap shot by Matthew Peca.
2:48 of 1st period - Stopped by Casey DeSmith with a rebound.
2:50 of 1st period - Slapshot by Jordan Harris.
2:50 of 1st period - Shot Misses the Net.
2:52 of 1st period - Slapshot by Colin Blackwell.
2:52 of 1st period - Shot Misses the Net.
2:54 of 1st period - Backhand shot by Michael Amadio.
2:54 of 1st period - Deflect By Matthew Peca.
2:54 of 1st period - Stopped by Casey DeSmith with a rebound.
3:13 of 1st period - Maxime Comtois is hit by Ryan Poehling and loses puck.
3:52 of 1st period - Wrist shot by Semyon Der-Arguchintsev.
3:52 of 1st period - Stopped by Erik Kallgren without a rebound.
3:53 of 1st period - Michael Amadio wins face-off versus Semyon Der-Arguchintsev in Ste. Rose Royals zone.
4:03 of 1st period - Wrist shot by Matthew Peca.
4:03 of 1st period - Shot Blocked by Ilya Solovyov.
4:11 of 1st period - Semyon Der-Arguchintsev is hit by Michael Amadio and loses puck.
4:26 of 1st period - Snap shot by Matthew Peca.
4:26 of 1st period - Shot Blocked by Ilya Solovyov.
4:28 of 1st period - Snap shot by Colin Blackwell.
4:28 of 1st period - Stopped by Casey DeSmith with a rebound.
4:42 of 1st period - Wrist shot by Semyon Der-Arguchintsev.
4:42 of 1st period - Shot Misses the Net.
5:21 of 1st period - Wrist shot by Semyon Der-Arguchintsev.
5:21 of 1st period - Stopped by Erik Kallgren with a rebound.
5:23 of 1st period - Snap shot by Tanner Laczynski.
5:23 of 1st period - Stopped by Erik Kallgren with a rebound.
5:25 of 1st period - Wrist shot by Tanner Laczynski.
5:25 of 1st period - Shot Misses the Net.
5:27 of 1st period - Wrist shot by Robert Bortuzzo.
5:27 of 1st period - Deflect By Matthew Peca.
5:27 of 1st period - Stopped by Erik Kallgren with a rebound.
5:29 of 1st period - Wrist shot by Alex Galchenyuk.
5:29 of 1st period - Stopped by Erik Kallgren with a rebound.
5:31 of 1st period - Slapshot by Robert Bortuzzo.
5:31 of 1st period - Deflect By Alex Galchenyuk.
5:31 of 1st period - Shot Misses the Net.
5:31 of 1st period - Puck is out of play.
5:32 of 1st period - Derek Ryan wins face-off versus Peter Abbandonato in Ste. Rose Royals zone.
5:39 of 1st period - Slapshot by Nicolas Deslauriers.
5:39 of 1st period - Stopped by Erik Kallgren with a rebound.
6:17 of 1st period - Josh Archibald is hit by Cale Fleury and loses puck.
6:24 of 1st period - Snap shot by Derek Ryan.
6:24 of 1st period - Stopped by Casey DeSmith with a rebound.
10:08 of 1st period - Wrist shot by Grigori Denisenko.
10:08 of 1st period - Stopped by Casey DeSmith with a rebound.
10:49 of 1st period - Semyon Der-Arguchintsev is hit by Michael Amadio and loses puck.
10:50 of 1st period - Semyon Der-Arguchintsev from Newfoundland Shamrocks is injured at 10:50 of 1st period (Sports Hernia).
10:51 of 1st period - Peter Abbandonato wins face-off versus Derek Ryan in Newfoundland Shamrocks zone.
10:58 of 1st period - Wrist shot by Ryan Poehling.
10:58 of 1st period - Deflect By Derek Ryan.
10:58 of 1st period - Stopped by Casey DeSmith with a rebound.
11:16 of 1st period - Saku Maenalanen is hit by Raphael Lavoie and loses puck.
11:39 of 1st period - Wrist shot by Michael Amadio.
11:39 of 1st period - Stopped by Casey DeSmith with a rebound.
11:41 of 1st period - Slapshot by Colin Blackwell.
11:41 of 1st period - Shot Misses the Net.
11:45 of 1st period - Snap shot by Matthew Peca.
11:45 of 1st period - Shot Misses the Net.
11:47 of 1st period - Slapshot by Matthew Peca.
11:47 of 1st period - Shot Misses the Net.
11:49 of 1st period - Snap shot by Matthew Peca.
11:49 of 1st period - Stopped by Casey DeSmith with a rebound.
11:59 of 1st period - Slapshot by Alex Galchenyuk.
11:59 of 1st period - Shot Blocked by Libor Hajek.
12:01 of 1st period - Slapshot by Wyatte Wylie.
12:01 of 1st period - Stopped by Erik Kallgren with a rebound.
12:03 of 1st period - Snap shot by Josh Archibald.
12:03 of 1st period - Shot Blocked by Libor Hajek.
12:05 of 1st period - Slapshot by Wyatte Wylie.
12:05 of 1st period - Shot Misses the Net.
12:07 of 1st period - Snap shot by Josh Archibald.
12:07 of 1st period - Shot Blocked by Libor Hajek.
12:22 of 1st period - Snap shot by Raphael Lavoie.
12:22 of 1st period - Stopped by Erik Kallgren with a rebound.
12:46 of 1st period - Ridly Greig is hit by Alex Chiasson and loses puck.
13:27 of 1st period - Off-side.
13:28 of 1st period - Peter Abbandonato wins face-off versus Ryan Poehling in neutral zone.
14:21 of 1st period - Alex Galchenyuk is hit by Ridly Greig and loses puck.
14:44 of 1st period - Snap shot by William Dufour.
14:44 of 1st period - Shot Misses the Net.
14:46 of 1st period - Snap shot by Samuel Poulin.
14:46 of 1st period - Stopped by Erik Kallgren without a rebound.
14:47 of 1st period - Raphael Lavoie wins face-off versus Michael Amadio in Ste. Rose Royals zone.
14:50 of 1st period - Snap shot by Maxime Comtois.
14:50 of 1st period - Shot Misses the Net.
15:12 of 1st period - Dylan Coghlan is hit by Jordan Harris and loses puck.
16:02 of 1st period - Snap shot by William Dufour.
16:02 of 1st period - Shot Blocked by Colin Blackwell.
16:04 of 1st period - Snap shot by Samuel Poulin.
16:04 of 1st period - Stopped by Erik Kallgren with a rebound.
16:06 of 1st period - Slapshot by Jon Merrill.
16:06 of 1st period - Stopped by Erik Kallgren with a rebound.
16:08 of 1st period - Snap shot by Drew O'Connor.
16:08 of 1st period - Stopped by Erik Kallgren with a rebound.
16:10 of 1st period - Wrist shot by Drew O'Connor.
16:10 of 1st period - Shot Misses the Net.
16:12 of 1st period - Wrist shot by Drew O'Connor.
16:12 of 1st period - Shot Misses the Net.
16:14 of 1st period - Slapshot by Robert Bortuzzo.
16:14 of 1st period - Shot Misses the Net.
16:16 of 1st period - Slapshot by Jon Merrill.
16:16 of 1st period - Shot Blocked by Libor Hajek.
16:18 of 1st period - Slapshot by William Dufour.
16:18 of 1st period - Stopped by Erik Kallgren with a rebound.
16:20 of 1st period - Slapshot by Jon Merrill.
16:20 of 1st period - Stopped by Erik Kallgren without a rebound.
16:21 of 1st period - Peter Abbandonato wins face-off versus Derek Ryan in Ste. Rose Royals zone.
16:22 of 1st period - Wrist shot by Josh Archibald.
16:22 of 1st period - Stopped by Erik Kallgren with a rebound.
16:24 of 1st period - Snap shot by Josh Archibald.
16:24 of 1st period - Shot Misses the Net.
16:34 of 1st period - Snap shot by Peter Abbandonato.
16:34 of 1st period - Stopped by Erik Kallgren with a rebound.
16:36 of 1st period - Snap shot by Nicolas Deslauriers.
16:36 of 1st period - Stopped by Erik Kallgren with a rebound.
17:06 of 1st period - Snap shot by Derek Ryan.
17:06 of 1st period - Stopped by Casey DeSmith without a rebound.
17:07 of 1st period - Ridly Greig wins face-off versus Raphael Lavoie in Newfoundland Shamrocks zone.
17:10 of 1st period - Wrist shot by Brendan Perlini.
17:10 of 1st period - Stopped by Casey DeSmith with a rebound.
18:13 of 1st period - Minor Penalty to Ridly Greig for Hooking.
18:14 of 1st period - Ryan Poehling wins face-off versus Samuel Poulin in Ste. Rose Royals zone.
18:45 of 1st period - Slapshot by Alex Chiasson.
18:45 of 1st period - Shot Misses the Net.
19:27 of 1st period - Alex Galchenyuk is hit by Cale Fleury and loses puck.
Goals for this period are 0 for Newfoundland Shamrocks vs 0 for Ste. Rose Royals.
Shots for this period are 19 for Newfoundland Shamrocks vs 12 for Ste. Rose Royals.
2nd period
0:01 of 2nd period - Raphael Lavoie wins face-off versus Derek Ryan in neutral zone.
0:06 of 2nd period - Snap shot by Maxime Comtois.
0:06 of 2nd period - Shot Blocked by Cale Fleury.
0:08 of 2nd period - Wrist shot by Robert Bortuzzo.
0:08 of 2nd period - Stopped by Erik Kallgren with a rebound.
0:10 of 2nd period - Snap shot by Raphael Lavoie.
0:10 of 2nd period - Deflect By Maxime Comtois.
0:10 of 2nd period - Stopped by Erik Kallgren with a rebound.
0:12 of 2nd period - Snap shot by Alex Chiasson.
0:12 of 2nd period - Shot Blocked by Mason Appleton.
0:13 of 2nd period - Penalty to Ridly Greig is over, Ridly Greig is back on ice.
0:14 of 2nd period - Snap shot by Maxime Comtois.
0:14 of 2nd period - Shot Blocked by Cale Fleury.
0:16 of 2nd period - Snap shot by Raphael Lavoie.
0:16 of 2nd period - Stopped by Erik Kallgren without a rebound.
0:17 of 2nd period - Peter Abbandonato wins face-off versus Michael Amadio in Ste. Rose Royals zone.
0:18 of 2nd period - Wrist shot by Josh Archibald.
0:18 of 2nd period - Shot Misses the Net.
0:20 of 2nd period - Slapshot by Robert Bortuzzo.
0:20 of 2nd period - Shot Blocked by Jordan Harris.
0:22 of 2nd period - Wrist shot by Josh Archibald.
0:22 of 2nd period - Deflect By Peter Abbandonato.
0:22 of 2nd period - Goal by Peter Abbandonato - Newfoundland Shamrocks : 1 - Ste. Rose Royals : 0.
0:23 of 2nd period - Peter Abbandonato wins face-off versus Derek Ryan in neutral zone.
0:28 of 2nd period - Slapshot by Josh Archibald.
0:28 of 2nd period - Deflect By Mason Appleton.
0:28 of 2nd period - Goal by Josh Archibald - Newfoundland Shamrocks : 2 - Ste. Rose Royals : 0.
0:29 of 2nd period - Peter Abbandonato wins face-off versus Derek Ryan in neutral zone.
0:34 of 2nd period - Wrist shot by Josh Archibald.
0:34 of 2nd period - Shot Misses the Net.
0:36 of 2nd period - Slapshot by Peter Abbandonato.
0:36 of 2nd period - Shot Misses the Net.
0:38 of 2nd period - Slapshot by Jon Merrill.
0:38 of 2nd period - Deflect By Mike Reilly.
0:38 of 2nd period - Stopped by Erik Kallgren with a rebound.
0:56 of 2nd period - Robert Bortuzzo is hit by Mike Reilly and loses puck.
1:13 of 2nd period - Wrist shot by Saku Maenalanen.
1:13 of 2nd period - Stopped by Casey DeSmith with a rebound.
1:21 of 2nd period - Drew O'Connor is hit by Brendan Perlini and loses puck.
1:40 of 2nd period - Wrist shot by Josh Archibald.
1:40 of 2nd period - Stopped by Erik Kallgren with a rebound.
1:42 of 2nd period - Wrist shot by Nicolas Deslauriers.
1:42 of 2nd period - Shot Misses the Net.
2:16 of 2nd period - Slapshot by Derek Ryan.
2:16 of 2nd period - Shot Misses the Net.
2:25 of 2nd period - Minor Penalty to Ridly Greig for Interference.
2:26 of 2nd period - Samuel Poulin wins face-off versus Derek Ryan in Ste. Rose Royals zone.
2:26 of 2nd period - Snap shot by Nicolas Deslauriers.
2:26 of 2nd period - Deflect By William Dufour.
2:26 of 2nd period - Shot Blocked by Jordan Harris.
2:26 of 2nd period - Puck is out of play.
2:27 of 2nd period - Derek Ryan wins face-off versus Samuel Poulin in Ste. Rose Royals zone.
3:02 of 2nd period - Slapshot by Alex Chiasson.
3:02 of 2nd period - Shot Misses the Net.
4:22 of 2nd period - Mike Reilly is hit by Raphael Lavoie.
4:25 of 2nd period - Penalty to Ridly Greig is over, Ridly Greig is back on ice.
4:36 of 2nd period - Ridly Greig is hit by Alex Galchenyuk and loses puck.
4:56 of 2nd period - Icing by Josh Archibald.
4:57 of 2nd period - Peter Abbandonato wins face-off versus Mathias Emilio Pettersen in Newfoundland Shamrocks zone.
6:00 of 2nd period - Snap shot by Brendan Perlini.
6:00 of 2nd period - Stopped by Casey DeSmith with a rebound.
6:43 of 2nd period - Colin Blackwell is hit by Robert Bortuzzo and loses puck.
7:04 of 2nd period - Snap shot by Mason Appleton.
7:04 of 2nd period - Shot Misses the Net.
7:06 of 2nd period - Snap shot by Isaac Ratcliffe.
7:06 of 2nd period - Stopped by Casey DeSmith without a rebound.
7:07 of 2nd period - Peter Abbandonato wins face-off versus Ridly Greig in Newfoundland Shamrocks zone.
7:07 of 2nd period - Peter Abbandonato is hit by Brendan Perlini.
7:15 of 2nd period - Snap shot by Saku Maenalanen.
7:15 of 2nd period - Shot Misses the Net.
7:17 of 2nd period - Wrist shot by Saku Maenalanen.
7:17 of 2nd period - Stopped by Casey DeSmith without a rebound.
7:18 of 2nd period - Derek Ryan wins face-off versus Peter Abbandonato in Newfoundland Shamrocks zone.
7:19 of 2nd period - Snap shot by Mason Appleton.
7:19 of 2nd period - Deflect By Peter Abbandonato.
7:19 of 2nd period - Shot Misses the Net.
7:19 of 2nd period - Puck is out of play.
7:20 of 2nd period - Derek Ryan wins face-off versus Peter Abbandonato in Newfoundland Shamrocks zone.
8:01 of 2nd period - Wrist shot by Derek Ryan.
8:01 of 2nd period - Shot Misses the Net.
8:03 of 2nd period - Snap shot by Mason Appleton.
8:03 of 2nd period - Shot Misses the Net.
8:05 of 2nd period - Slapshot by Jordan Harris.
8:05 of 2nd period - Stopped by Casey DeSmith with a rebound.
8:07 of 2nd period - Backhand shot by Derek Ryan.
8:07 of 2nd period - Stopped by Casey DeSmith without a rebound.
8:08 of 2nd period - Peter Abbandonato wins face-off versus Michael Amadio in Newfoundland Shamrocks zone.
8:20 of 2nd period - Snap shot by Nicolas Deslauriers.
8:20 of 2nd period - Stopped by Erik Kallgren with a rebound.
8:22 of 2nd period - Slapshot by Jon Merrill.
8:22 of 2nd period - Stopped by Erik Kallgren with a rebound.
8:30 of 2nd period - Minor Penalty to Michael Amadio for Tripping.
8:31 of 2nd period - Derek Ryan wins face-off versus Raphael Lavoie in Ste. Rose Royals zone.
8:31 of 2nd period - Derek Ryan is hit by Alex Galchenyuk.
9:06 of 2nd period - Slapshot by Alex Galchenyuk.
9:06 of 2nd period - Deflect By Samuel Poulin.
9:06 of 2nd period - Shot Blocked by Derek Ryan.
9:06 of 2nd period - Puck is out of play.
9:07 of 2nd period - Raphael Lavoie wins face-off versus Derek Ryan in Ste. Rose Royals zone.
9:10 of 2nd period - Wrist shot by Alex Chiasson.
9:10 of 2nd period - Shot Blocked by Mike Reilly.
9:12 of 2nd period - Snap shot by Maxime Comtois.
9:12 of 2nd period - Stopped by Erik Kallgren with a rebound.
9:14 of 2nd period - Snap shot by Maxime Comtois.
9:14 of 2nd period - Stopped by Erik Kallgren with a rebound.
9:34 of 2nd period - Nicolas Deslauriers is hit by Saku Maenalanen and loses puck.
9:45 of 2nd period - Robert Bortuzzo is hit by Cale Fleury and loses puck.
10:30 of 2nd period - Penalty to Michael Amadio is over, Michael Amadio is back on ice.
10:56 of 2nd period - Brogan Rafferty is hit by Ilya Solovyov.
11:30 of 2nd period - Derek Ryan is hit by William Villeneuve and loses puck.
13:27 of 2nd period - Tanner Laczynski is hit by Jordan Harris and loses puck.
14:09 of 2nd period - Jordan Harris is hit by William Villeneuve and loses puck.
14:20 of 2nd period - Wrist shot by Brendan Perlini.
14:20 of 2nd period - Shot Misses the Net.
14:54 of 2nd period - Alex Chiasson is hit by Brogan Rafferty and loses puck.
15:07 of 2nd period - Wrist shot by Mathias Emilio Pettersen.
15:07 of 2nd period - Shot Blocked by Josh Archibald.
15:29 of 2nd period - Drew O'Connor is hit by Saku Maenalanen.
15:33 of 2nd period - Ridly Greig is hit by Drew O'Connor.
15:58 of 2nd period - Brendan Perlini is hit by Dylan Coghlan and loses puck.
16:20 of 2nd period - Slapshot by Matthew Peca.
16:20 of 2nd period - Stopped by Casey DeSmith with a rebound.
17:01 of 2nd period - Snap shot by Michael Amadio.
17:01 of 2nd period - Stopped by Casey DeSmith with a rebound.
17:21 of 2nd period - Backhand shot by Mason Appleton.
17:21 of 2nd period - Shot Misses the Net.
17:23 of 2nd period - Snap shot by Isaac Ratcliffe.
17:23 of 2nd period - Shot Blocked by Dylan Coghlan.
17:25 of 2nd period - Slapshot by Jordan Harris.
17:25 of 2nd period - Stopped by Casey DeSmith without a rebound.
17:26 of 2nd period - Isaac Ratcliffe wins face-off versus Peter Abbandonato in Newfoundland Shamrocks zone.
17:35 of 2nd period - Snap shot by Ryan Poehling.
17:35 of 2nd period - Stopped by Casey DeSmith without a rebound.
17:36 of 2nd period - Michael Amadio wins face-off versus Peter Abbandonato in Newfoundland Shamrocks zone.
17:45 of 2nd period - Slapshot by Jon Merrill.
17:45 of 2nd period - Deflect By Peter Abbandonato.
17:45 of 2nd period - Shot Misses the Net.
17:45 of 2nd period - Puck is out of play.
17:46 of 2nd period - Raphael Lavoie wins face-off versus Michael Amadio in Ste. Rose Royals zone.
18:06 of 2nd period - Icing by Maxime Comtois.
18:07 of 2nd period - Raphael Lavoie wins face-off versus Derek Ryan in Newfoundland Shamrocks zone.
18:16 of 2nd period - Backhand shot by Jon Merrill.
18:16 of 2nd period - Shot Misses the Net.
18:59 of 2nd period - Ridly Greig is hit by Maxime Comtois.
19:11 of 2nd period - Slapshot by Jordan Harris.
19:11 of 2nd period - Stopped by Casey DeSmith with a rebound.
19:13 of 2nd period - Slapshot by Jordan Harris.
19:13 of 2nd period - Stopped by Casey DeSmith without a rebound.
19:14 of 2nd period - Peter Abbandonato wins face-off versus Derek Ryan in Newfoundland Shamrocks zone.
Goals for this period are 2 for Newfoundland Shamrocks vs 0 for Ste. Rose Royals.
Shots for this period are 11 for Newfoundland Shamrocks vs 12 for Ste. Rose Royals.
3rd period
0:01 of 3rd period - Peter Abbandonato wins face-off versus Derek Ryan in neutral zone.
0:04 of 3rd period - Derek Ryan is hit by Peter Abbandonato and loses puck.
0:41 of 3rd period - Icing by Robert Bortuzzo.
0:42 of 3rd period - Ridly Greig wins face-off versus Samuel Poulin in Newfoundland Shamrocks zone.
0:45 of 3rd period - Snap shot by Brendan Perlini.
0:45 of 3rd period - Shot Misses the Net.
0:47 of 3rd period - Slapshot by Cale Fleury.
0:47 of 3rd period - Deflect By Brendan Perlini.
0:47 of 3rd period - Goal by Brendan Perlini - Newfoundland Shamrocks : 2 - Ste. Rose Royals : 1.
0:48 of 3rd period - Peter Abbandonato wins face-off versus Derek Ryan in neutral zone.
0:53 of 3rd period - Snap shot by Robert Bortuzzo.
0:53 of 3rd period - Stopped by Erik Kallgren with a rebound.
1:18 of 3rd period - Slapshot by Matthew Peca.
1:18 of 3rd period - Shot Misses the Net.
1:20 of 3rd period - Wrist shot by Colin Blackwell.
1:20 of 3rd period - Stopped by Casey DeSmith without a rebound.
1:21 of 3rd period - Peter Abbandonato wins face-off versus Michael Amadio in Newfoundland Shamrocks zone.
1:36 of 3rd period - Snap shot by Peter Abbandonato.
1:36 of 3rd period - Stopped by Erik Kallgren without a rebound.
1:37 of 3rd period - Derek Ryan wins face-off versus Raphael Lavoie in Ste. Rose Royals zone.
2:13 of 3rd period - Snap shot by Josh Archibald.
2:13 of 3rd period - Shot Misses the Net.
2:51 of 3rd period - Tanner Laczynski is hit by Cale Fleury and loses puck.
3:30 of 3rd period - Peter Abbandonato is hit by Michael Amadio and loses puck.
3:52 of 3rd period - Slapshot by William Dufour.
3:52 of 3rd period - Shot Hit the Post.
4:04 of 3rd period - Snap shot by Ridly Greig.
4:04 of 3rd period - Shot Blocked by Robert Bortuzzo.
4:06 of 3rd period - Snap shot by Jordan Harris.
4:06 of 3rd period - Stopped by Casey DeSmith with a rebound.
4:08 of 3rd period - Slapshot by Mike Reilly.
4:08 of 3rd period - Shot Misses the Net.
4:10 of 3rd period - Wrist shot by Ridly Greig.
4:10 of 3rd period - Shot Misses the Net.
4:55 of 3rd period - Slapshot by Maxime Comtois.
4:55 of 3rd period - Stopped by Erik Kallgren with a rebound.
4:57 of 3rd period - Wrist shot by Maxime Comtois.
4:57 of 3rd period - Shot Misses the Net.
4:59 of 3rd period - Wrist shot by Maxime Comtois.
4:59 of 3rd period - Shot Misses the Net.
5:01 of 3rd period - Wrist shot by Raphael Lavoie.
5:01 of 3rd period - Deflect By Alex Chiasson.
5:01 of 3rd period - Stopped by Erik Kallgren with a rebound.
5:03 of 3rd period - Backhand shot by Dylan Coghlan.
5:03 of 3rd period - Stopped by Erik Kallgren with a rebound.
5:15 of 3rd period - Alex Galchenyuk is hit by Colin Blackwell and loses puck.
5:28 of 3rd period - Wrist shot by Mason Appleton.
5:28 of 3rd period - Shot Misses the Net.
6:23 of 3rd period - William Villeneuve is hit by Ridly Greig.
7:45 of 3rd period - Icing by Derek Ryan.
7:46 of 3rd period - Michael Amadio wins face-off versus Samuel Poulin in Ste. Rose Royals zone.
8:26 of 3rd period - Off-side.
8:27 of 3rd period - Raphael Lavoie wins face-off versus Ridly Greig in neutral zone.
8:40 of 3rd period - Wrist shot by Ridly Greig.
8:40 of 3rd period - Stopped by Casey DeSmith without a rebound.
8:41 of 3rd period - Derek Ryan wins face-off versus Peter Abbandonato in Newfoundland Shamrocks zone.
8:48 of 3rd period - Wrist shot by Derek Ryan.
8:48 of 3rd period - Shot Misses the Net.
8:50 of 3rd period - Backhand shot by Mike Reilly.
8:50 of 3rd period - Shot Hit the Post.
8:52 of 3rd period - Slapshot by Jordan Harris.
8:52 of 3rd period - Stopped by Casey DeSmith without a rebound.
8:53 of 3rd period - Derek Ryan wins face-off versus Peter Abbandonato in Newfoundland Shamrocks zone.
8:54 of 3rd period - Snap shot by Ryan Poehling.
8:54 of 3rd period - Stopped by Casey DeSmith without a rebound.
8:55 of 3rd period - Peter Abbandonato wins face-off versus Derek Ryan in Newfoundland Shamrocks zone.
9:27 of 3rd period - Slapshot by Mike Reilly.
9:27 of 3rd period - Shot Blocked by Jon Merrill.
9:29 of 3rd period - Wrist shot by Derek Ryan.
9:29 of 3rd period - Shot Hit the Post.
9:31 of 3rd period - Wrist shot by Jordan Harris.
9:31 of 3rd period - Deflect By Mason Appleton.
9:31 of 3rd period - Shot Hit the Post.
9:31 of 3rd period - Puck is out of play.
9:32 of 3rd period - Raphael Lavoie wins face-off versus Michael Amadio in Newfoundland Shamrocks zone.
9:32 of 3rd period - Raphael Lavoie is hit by Matthew Peca.
10:00 of 3rd period - Snap shot by Tanner Laczynski.
10:00 of 3rd period - Deflect By Josh Archibald.
10:00 of 3rd period - Shot Misses the Net.
10:00 of 3rd period - Puck is out of play.
10:01 of 3rd period - Mason Appleton wins face-off versus Josh Archibald in Ste. Rose Royals zone.
10:51 of 3rd period - Grigori Denisenko is hit by Robert Bortuzzo and loses puck.
11:00 of 3rd period - Grigori Denisenko is hit by Ilya Solovyov and loses puck.
11:13 of 3rd period - Slapshot by Michael Amadio.
11:13 of 3rd period - Stopped by Casey DeSmith without a rebound.
11:14 of 3rd period - Josh Archibald wins face-off versus Matthew Peca in Newfoundland Shamrocks zone.
11:33 of 3rd period - Icing by Joel Hanley.
11:34 of 3rd period - Michael Amadio wins face-off versus Raphael Lavoie in Ste. Rose Royals zone.
11:52 of 3rd period - Snap shot by Joel Hanley.
11:52 of 3rd period - Shot Misses the Net.
11:54 of 3rd period - Slapshot by Joel Hanley.
11:54 of 3rd period - Shot Blocked by Dylan Coghlan.
11:56 of 3rd period - Snap shot by Colin Blackwell.
11:56 of 3rd period - Stopped by Casey DeSmith with a rebound.
11:58 of 3rd period - Slapshot by Joel Hanley.
11:58 of 3rd period - Deflect By Dylan Coghlan.
11:58 of 3rd period - Stopped by Casey DeSmith with a rebound.
12:00 of 3rd period - Slapshot by Joel Hanley.
12:00 of 3rd period - Shot Misses the Net.
12:02 of 3rd period - Slapshot by Matthew Peca.
12:02 of 3rd period - Deflect By Michael Amadio.
12:02 of 3rd period - Stopped by Casey DeSmith with a rebound.
12:04 of 3rd period - Slapshot by Brogan Rafferty.
12:04 of 3rd period - Stopped by Casey DeSmith without a rebound.
12:05 of 3rd period - Peter Abbandonato wins face-off versus Derek Ryan in Newfoundland Shamrocks zone.
12:16 of 3rd period - Jordan Harris is hit by Peter Abbandonato and loses puck.
12:50 of 3rd period - Minor Penalty to Mathias Emilio Pettersen for Tripping.
12:51 of 3rd period - Derek Ryan wins face-off versus Raphael Lavoie in Ste. Rose Royals zone.
14:03 of 3rd period - Libor Hajek is hit by Raphael Lavoie and loses puck.
14:34 of 3rd period - Wrist shot by Peter Abbandonato.
14:34 of 3rd period - Deflect By Tanner Laczynski.
14:34 of 3rd period - Shot Blocked by Jordan Harris.
14:34 of 3rd period - Puck is out of play.
14:35 of 3rd period - Peter Abbandonato wins face-off versus Derek Ryan in Ste. Rose Royals zone.
14:36 of 3rd period - Wrist shot by Alex Chiasson.
14:36 of 3rd period - Stopped by Erik Kallgren without a rebound.
14:37 of 3rd period - Peter Abbandonato wins face-off versus Derek Ryan in Ste. Rose Royals zone.
14:38 of 3rd period - Snap shot by Alex Chiasson.
14:38 of 3rd period - Stopped by Erik Kallgren without a rebound.
14:39 of 3rd period - Peter Abbandonato wins face-off versus Derek Ryan in Ste. Rose Royals zone.
14:50 of 3rd period - Penalty to Mathias Emilio Pettersen is over, Mathias Emilio Pettersen is back on ice.
15:07 of 3rd period - Off-side.
15:08 of 3rd period - Ridly Greig wins face-off versus Samuel Poulin in neutral zone.
15:11 of 3rd period - Slapshot by Libor Hajek.
15:11 of 3rd period - Shot Misses the Net.
15:27 of 3rd period - Snap shot by William Dufour.
15:27 of 3rd period - Stopped by Erik Kallgren with a rebound.
15:31 of 3rd period - Snap shot by Samuel Poulin.
15:31 of 3rd period - Shot Blocked by Ridly Greig.
15:41 of 3rd period - Slapshot by Brendan Perlini.
15:41 of 3rd period - Stopped by Casey DeSmith with a rebound.
15:49 of 3rd period - Snap shot by Ridly Greig.
15:49 of 3rd period - Stopped by Casey DeSmith with a rebound.
15:51 of 3rd period - Wrist shot by Brendan Perlini.
15:51 of 3rd period - Stopped by Casey DeSmith without a rebound.
15:52 of 3rd period - Raphael Lavoie wins face-off versus Mathias Emilio Pettersen in Newfoundland Shamrocks zone.
17:24 of 3rd period - Ridly Greig is hit by Drew O'Connor and loses puck.
18:00 of 3rd period - William Villeneuve is hit by Michael Amadio.
18:15 of 3rd period - Icing by Ryan Poehling.
18:16 of 3rd period - Peter Abbandonato wins face-off versus Isaac Ratcliffe in Ste. Rose Royals zone.
18:21 of 3rd period - Snap shot by Peter Abbandonato.
18:21 of 3rd period - Stopped by Erik Kallgren with a rebound.
18:23 of 3rd period - Slapshot by Robert Bortuzzo.
18:23 of 3rd period - Deflect By Alex Chiasson.
18:23 of 3rd period - Shot Misses the Net.
18:23 of 3rd period - Puck is out of play.
18:24 of 3rd period - Samuel Poulin wins face-off versus Ridly Greig in Ste. Rose Royals zone.
18:35 of 3rd period - Drew O'Connor is hit by Libor Hajek.
18:39 of 3rd period - Slapshot by Robert Bortuzzo.
18:39 of 3rd period - Shot Blocked by Brendan Perlini.
19:10 of 3rd period - Ste. Rose Royals, Erik Kallgren is pulled from the net.
19:46 of 3rd period - Minor Penalty to Libor Hajek for Hooking.
19:47 of 3rd period - Erik Kallgren from Ste. Rose Royals was sent back in the game.
19:47 of 3rd period - Samuel Poulin wins face-off versus Michael Amadio in Ste. Rose Royals zone.
Goals for this period are 0 for Newfoundland Shamrocks vs 1 for Ste. Rose Royals.
Shots for this period are 9 for Newfoundland Shamrocks vs 14 for Ste. Rose Royals.
Back to the Top